 Dungeon Crawl Stone Soup version 0.19.0-2-gae57169 (webtiles) character file.

8511 JeffiDaFish the Basher (level 11, -5/68 HPs)
             Began as a Gargoyle Fighter on Nov 5, 2016.
             Was an Elder of Makhleb.
             Slain by a hill giant
             ... wielding a +0 giant club
              (11 damage)
             ... on level 11 of the Dungeon.
             The game lasted 00:26:22 (8294 turns).

JeffiDaFish the Basher (Gargoyle Fighter)           Turns: 8294, Time: 00:26:23

Health: -5/68      AC: 22    Str: 23    XL:     11   Next: 32%
Magic:  11/11      EV:  7    Int:  8    God:    Makhleb [****..]
Gold:   723        SH: 13    Dex: 10    Spells: 0 memorised, 10 levels left

rFire  . . .     SeeInvis +     a - +7 flail
rCold  . . .     Gourm    .     v - +0 plate armour
rNeg   + . .     Faith    .     c - +1 shield
rPois  ∞         Spirit   .     g - +1 hat {MR+}
rElec  +         Reflect  .     (no cloak)
rCorr  .         Harm     .     (no gloves)
MR     +....                    (no boots)
Stlth  ..........               (no amulet)
                                l - ring of stealth
                                m - ring of see invisible

@: no status effects
A: talons 1, negative energy resistance 1, electricity resistance, unbreathing,
petrification resistance, rot immunity, AC +7
a: Minor Destruction, Lesser Servant of Makhleb, Major Destruction, Renounce
Religion


You were on level 11 of the Dungeon.
You worshipped Makhleb.
Makhleb was greatly pleased with you.
You were not hungry.

You visited 2 branches of the dungeon, and saw 11 of its levels.

You collected 723 gold pieces.

Inventory:

Hand Weapons
 a - a +7 flail (weapon)
Armour
 c - a +1 shield (worn)
 g - a +1 hat of magic resistance (worn)
 v - a +0 plate armour (worn)
Jewellery
 l - a ring of stealth (right hand)
 m - a ring of see invisible (left hand)
Wands
 t - a wand of disintegration (10/24)
 u - a wand of digging (10/24)
Scrolls
 i - a scroll of fear
 k - a scroll of magic mapping
 n - 5 scrolls of identify
 p - a scroll of fog
 q - 3 scrolls of remove curse
Potions
 d - 2 potions of flight
Books
 e - a book of Misfortune

   Spells                             Type                      Level
   a - Confusing Touch                Hexes                        1
   b - Confuse                        Hexes                        3
   c - Gell's Gravitas                Hexes/Translocation          3
   d - Petrify                        Transmutation/Earth          4
   e - Metabolic Englaciation         Hexes/Ice                    5
   f - Yara's Violent Unravelling     Hexes/Transmutation          5
Comestibles
 f - 4 bread rations
 h - 3 meat rations
 j - a beef jerky
 o - 8 fruits
 r - 9 chunks of flesh


   Skills:
 + Level 8.2 Fighting
 + Level 10.9 Maces & Flails
 + Level 7.9 Armour
 + Level 3.6 Dodging
 + Level 1.6 Stealth
 + Level 9.7 Shields


You had 10 spell levels left.
You didn't know any spells.

Dungeon Overview and Level Annotations

Branches:
Dungeon (11/15)            Temple (1/1) D:5             Orc (0/2) D:10
   Lair: D:8-11

Altars:
Ashenzari
Cheibriados
Elyvilon
Hepliaklqana
Kikubaaqudgha
Makhleb
Okawaru
Ru
Sif Muna
Trog
Xom

Shops:
D:6 [   D:9 (


Innate Abilities, Weirdness & Mutations

You are resistant to torment.
Your stone body is resilient. (AC +7)
You are immune to poison.
You resist negative energy. (rN+)
You are resistant to electric shocks. (rElec)
You can survive without breathing.
You are immune to petrification.
You are immune to rotting.
You have sharp toenails.


Message History

* * * LOW HITPOINT WARNING * * *
The hill giant hits you with a giant club.
* * * LOW HITPOINT WARNING * * *
You barely miss the hill giant. You claw the hill giant.
The hill giant is heavily wounded.
Your orange demon stings the hill giant.
Your orange demon hits the hill giant!
The hill giant looks weaker.
The hill giant barely misses you.
You hit the hill giant. Your kick misses the hill giant.
The hill giant is heavily wounded.
The hill giant hits your orange demon with a giant club!!
Your orange demon stings the hill giant but does no damage.
Your orange demon barely misses the hill giant.
Unknown command.
You barely miss the hill giant.
You claw the hill giant, but do no damage.
The hill giant is heavily wounded.
The hill giant hits your orange demon with a giant club!
The hill giant hits you with a giant club!
You die...

.......(...#
.......(...#
........C###
.......(...#
########C..#
#..÷.5.C..#
#...C######
#..CC#
#.(4@#
#....#
#....#
#....#
#....#
#....#
#....#
######


You could see 2 hill giants, a cyclops, a shadow imp and a friendly orange
demon.

Vanquished Creatures
  A centaur warrior (D:9)
  The ghost of stillpimpin the Shield-Bearer, a novice GrFi of Uskayaw (D:7)
  A troll (D:9)
  2 hippogriffs
  Sigmund (D:5)
  A wyvern (D:10)
  10 yaks
  2 hungry ghosts (D:7)
  9 orc warriors
  2 sky beasts
  2 black bears
  3 ice beasts
  A phantom (D:3)
  5 ogres
  2 crocodiles (D:9)
  5 centaurs
  2 bullfrogs
  A big kobold (D:10)
  A wyvern skeleton (D:6)
  2 scorpions
  6 killer bees (D:3)
  5 wights (D:9)
  3 crimson imps
  A jelly (D:7)
  A centaur skeleton (D:5)
  4 hounds
  10 orc wizards
  Crazy Yiuf (D:2)
  12 orc priests
  Jessica (D:2)
  A gnoll shaman (D:7)
  An iguana (D:9)
  Natasha (twice) (D:2)
  5 worker ants
  A killer bee zombie (D:9)
  2 hound zombies
  A hound skeleton (D:7)
  A howler monkey zombie (D:6)
  2 worker ant zombies
  9 adders
  10 gnolls
  4 shadow imps
  An adder skeleton (D:6)
  4 worms
  3 dart slugs
  7 leopard geckos
  70 orcs
  6 giant cockroaches
  6 goblins
  6 hobgoblins
  6 jackals
  7 kobolds
  4 quokkas
  3 ball pythons
  11 bats
  5 frilled lizards
  9 rats
285 creatures vanquished.

Vanquished Creatures (others)
  An ice beast (D:11)
1 creature vanquished.

Grand Total: 286 creatures vanquished

Notes
Turn   | Place    | Note
-------+----------+-------------------------------------------
     0 | D:1      | JeffiDaFish the Gargoyle Fighter began the quest for the Orb.
     0 | D:1      | Reached XP level 1. HP: 14/14 MP: 1/1
   131 | D:1      | Reached XP level 2. HP: 19/19 MP: 2/2
   434 | D:1      | Reached XP level 3. HP: 19/23 MP: 3/3
   951 | D:2      | Reached XP level 4. HP: 29/29 MP: 4/4
   987 | D:2      | Noticed Natasha
   990 | D:2      | Killed Natasha
   990 | D:2      | Reached skill level 3 in Maces & Flails
  1078 | D:2      | Noticed Natasha
  1084 | D:2      | Killed Natasha
  1099 | D:2      | Reached XP level 5. HP: 31/33 MP: 5/5
  1150 | D:2      | Found a runed door.
  1154 | D:2      | Noticed Crazy Yiuf
  1159 | D:2      | Killed Crazy Yiuf
  1408 | D:2      | Noticed Jessica
  1411 | D:2      | Killed Jessica
  1447 | D:2      | Found an ancient bone altar of Kikubaaqudgha.
  1466 | D:2      | Found a sacrificial altar of Ru.
  1629 | D:3      | Noticed a phantom
  1642 | D:3      | Killed a phantom
  1642 | D:3      | Reached skill level 4 in Maces & Flails
  1642 | D:3      | Reached XP level 6. HP: 35/39 MP: 6/6
  1893 | D:3      | Reached XP level 7. HP: 3/44 MP: 7/7
  1898 | D:3      | Reached skill level 1 in Dodging
  1946 | D:3      | Reached skill level 5 in Armour
  2038 | D:3      | Reached skill level 5 in Shields
  2055 | D:3      | Reached skill level 5 in Maces & Flails
  2109 | D:3      | Gained mutation: You have sharp toenails. [potion of beneficial mutation]
  3107 | D:5      | Entered Level 5 of the Dungeon
  3107 | D:5      | Noticed Sigmund
  3114 | D:5      | Killed Sigmund
  3114 | D:5      | Reached XP level 8. HP: 47/48 MP: 8/8
  3117 | D:5      | Reached skill level 5 in Fighting
  3200 | D:5      | Reached skill level 1 in Stealth
  3424 | D:5      | Found a staircase to the Ecumenical Temple.
  3457 | Temple   | Entered the Ecumenical Temple
  3500 | Temple   | Became a worshipper of Makhleb the Destroyer
  3698 | D:5      | Reached skill level 6 in Maces & Flails
  4325 | D:6      | Found Noyxygg's Antique Armour Shoppe.
  4394 | D:6      | Reached * piety under Makhleb
  4458 | D:6      | Reached XP level 9. HP: 52/55 MP: 9/9
  4602 | D:6      | Reached skill level 7 in Maces & Flails
  5190 | D:7      | Noticed stillpimpin's ghost (novice GrFi)
  5199 | D:7      | Killed stillpimpin's ghost
  5199 | D:7      | Reached skill level 8 in Maces & Flails
  5405 | D:7      | Reached ** piety under Makhleb
  5612 | D:7      | You fall through a shaft for 2 floors!
  5642 | D:9      | Found Idinau's Antique Weapon Boutique.
  5830 | D:9      | Reached XP level 10. HP: 46/61 MP: 10/10
  5832 | D:9      | Reached skill level 9 in Maces & Flails
  6421 | D:9      | Identified a scroll of acquirement
  6809 | D:9      | Noticed a centaur warrior
  6821 | D:9      | Killed a centaur warrior
  6866 | D:9      | Reached *** piety under Makhleb
  7073 | D:10     | Entered Level 10 of the Dungeon
  7163 | D:10     | Reached skill level 10 in Maces & Flails
  7347 | D:10     | Reached XP level 11. HP: 49/68 MP: 11/11
  7499 | D:10     | Found a staircase to the Orcish Mines.
  7561 | D:10     | Reached **** piety under Makhleb
  8266 | D:11     | Noticed a cyclops
  8268 | D:11     | Noticed a hill giant
  8270 | D:11     | Noticed a hill giant
  8294 | D:11     | Slain by a hill giant

Skill      XL: |  1  2  3  4  5  6  7  8  9 10 11 |
---------------+----------------------------------+-----
Armour         | 4 5 6 7 |  7.9
Maces & Flails | 3 4 5 6 8 10 | 10.9
Fighting       | 4 5 6 7 8 |  8.2
Shields        | 4 5 6 7 9 |  9.7
Dodging        | 1 2 3 |  3.6
Stealth        | 1 |  1.6

Action                   |  1- 3 |  4- 6 |  7- 9 | 10-12 || total
-------------------------+-------+-------+-------+-------++-------
Melee: Flail             |    67 |    90 |   383 |   415 ||   955
       Kick              |       |       |    84 |   107 ||   191
Invok: Minor Destruction |       |       |       |     1 ||     1
       Lesser Servant of |       |       |       |     1 ||     1
  Use: Scroll            |    10 |     4 |     5 |     5 ||    24
       Potion            |     2 |     6 |     7 |     3 ||    18
  Eat: Chunk             |       |     3 |    17 |     9 ||    29
Armor: Scale mail        |    39 |    48 |   163 |   157 ||   407
       Plate armour      |       |       |       |    39 ||    39
Dodge: Dodged            |    21 |    38 |   118 |   202 ||   379
Block: Shield            |    41 |    75 |   254 |   341 ||   711
